 Dungeon Crawl Stone Soup version 0.28.0-43-g3370ac3207 (webtiles) character file.

Game seed: 9974092387638492441

48 issech the Cudgeller (level 3, -1/36 HPs)
             Began as a Troll Monk on Apr 2, 2022.
             Slain by Sigmund
             ... wielding a +2 scythe of venom
              (11 damage)
             ... on level 2 of the Dungeon.
             The game lasted 00:04:06 (1465 turns).

issech the Cudgeller (Troll Monk)                   Turns: 1465, Time: 00:04:07

Health: -1/36      AC:  4    Str: 19    XL:     3   Next: 50%
Magic:  2/2        EV: 25    Int:  6    God:
Gold:   66         SH:  0    Dex: 14    Spells: 2/2 levels left

rFire   . . .      SeeInvis .   r - +1 mace (drain)
rCold   . . .      Faith    .   (no shield)
rNeg    . . .      Spirit   .   b - +0 robe
rPois   .          Reflect  .   (helmet restricted)
rElec   .          Harm     .   (no cloak)
rCorr   .          Rampage  .   (gloves unavailable)
Will    .....                   (boots unavailable)
Stlth   ++........              l - amulet of the acrobat
HPRegen 0.92/turn               (no ring)
MPRegen 0.08/turn               (no ring)

@: lethally poisoned (-1 -> -12), acrobatic
A: large, unfitting armour, claws 3, regeneration 1, shaggy fur 1, tough skin 1
a: no special abilities


You were on level 2 of the Dungeon.
You visited 1 branch of the dungeon, and saw 2 of its levels.

You collected 66 gold pieces.

Inventory:

Hand Weapons
 a - a +0 mace
 o - a +0 flail
 r - a +1 mace of draining (weapon)
Missiles
 c - 42 arrows
 g - 16 bolts
 k - 47 stones (quivered)
 n - 41 sling bullets
 q - 3 poisoned darts
Armour
 b - a +0 robe (worn)
Magical Staves
 s - a staff of death
Jewellery
 l - an amulet of the acrobat (around neck)
Wands
 t - a wand of digging (2)
Scrolls
 d - 2 scrolls of vulnerability {unknown}
 i - a scroll of identify {unknown}
 p - a scroll of enchant armour {unknown}
Potions
 e - a potion of might {unknown}
 f - a potion of curing {unknown}
 h - 3 potions of ambrosia {unknown}
 j - a potion of haste {unknown}
 m - a potion of mutation {unknown}


   Skills:
 + Level 2.6 Fighting
 + Level 3.1 Maces & Flails
 + Level 1.0 Throwing
 + Level 2.9 Dodging
 + Level 1.1 Stealth


You had 2 spell levels left.
You didn't know any spells.
Your spell library contained the following spells:

 Spells                   Type           Power      Damage    Failure   Level
 Slow                     Hex            0%         N/A       45%         1
 Confusing Touch          Hex            0%         N/A       83%         3
 Vampiric Draining        Necr           0%         2d6       83%         3


Dungeon Overview and Level Annotations

Branches:
Dungeon (2/15)

Altars:

Annotations:
D:2 Sigmund


Innate Abilities, Weirdness & Mutations

You are too large for most types of armour.
You have claws for hands.
Your natural rate of healing is unusually fast.
You are covered in fur. (AC +1)
You have tough skin. (AC +1)


Message History

A mysterious force pulls you upwards. The hatch slams shut behind you.
Reactivating autopickup.
HP restored.
There is a stone staircase leading down here.
You climb downwards.
Level annotation: Sigmund
There is a stone staircase leading up here.
There is an open door here.
There is an open door here.
You open the door.
There is an open door here.
Found a shiny ivory wand.
t - a wand of digging (2) No target in view!
k - 48 stones (gained 17)
You throw a stone.
Sigmund shouts!
The stone hits Sigmund but does no damage.
You throw a stone.
The stone hits Sigmund but does no damage.
Sigmund casts a spell at you. The puff of flame misses you.
Unknown command.
Sigmund gestures wildly while chanting.
Sigmund flickers and vanishes!
Deactivating autopickup; reactivate with Ctrl-A.
You hear some strange, mumbled words.
Something tries to affect you, but you resist.
You see here a stone.
k - 47 stones (gained 1)
Something barely misses you.
You miss something. You hit something. Something hits you.
You closely miss something. Something hits you!
You miss something. Something hits you!
You are lethally poisoned!
* * * LOW HITPOINT WARNING * * *
You feel very sick. Something hits you!
You die...

########..# ##....
#.........######...
#.#######.##.......
#.# #.##.#####. #.#
#####.##.# #. #.#
#<....##.#####. #.#
#.###.##.......
#.###(###.##.......
#.@.{.....##.......
#.###.###..........
#.# #......#.......
#.# #####.###......
#.# #.# #......
#.#######.# #######
#.........#
###########


There were no monsters in sight!

Vanquished Creatures
  An adder (D:2)
  A gnoll (D:1)
  A worm (D:2)
  5 ball pythons (D:1)
  3 endoplasms
  2 giant cockroaches
  2 goblins (D:1)
  4 hobgoblins (D:1)
  2 bats (D:1)
  3 frilled lizards
  A rat (D:1)
25 creatures vanquished.

Notes
Turn   | Place    | Note
-------+----------+-------------------------------------------
     0 | D:1      | issech the Troll Monk began the quest for the Orb.
     0 | D:1      | Reached XP level 1. HP: 22/22 MP: 0/0
   142 | D:1      | Reached XP level 2. HP: 24/29 MP: 1/1
   168 | D:1      | Reached skill level 3 in Maces & Flails
   471 | D:1      | Reached XP level 3. HP: 36/36 MP: 2/2
   471 | D:1      | Found a faded altar of an unknown god.
  1039 | D:2      | Reached skill level 1 in Throwing
  1215 | D:2      | Noticed Sigmund
  1465 | D:2      | Slain by Sigmund

Illustrated notes

Levels and vault maps discovered:
D:1:      roderic_crossed_star, layout_rooms, nicolae_ecumenical_snake_handling,
          kennysheep_boxes
D:2:      layout_loops_corners, roderic_serpentine_path, uniq_sigmund

Skill      XL: |  1  2  3 |
---------------+----------+-----
Maces & Flails | 3 |  3.1
Throwing       | 1 |  1.0
Fighting       | |  2.6
Dodging        | |  2.9
Stealth        | |  1.1

Action                   || total
-------------------------++-------
Melee: Mace              ||    27
       Flail             ||    22
Throw: Boomerang         ||    21
       Stone             ||    16
 Stab: Sleeping          ||     1
Armor: Robe              ||    11
Dodge: Dodged            ||    29
